 Dungeon Crawl Stone Soup version 0.28-a0-687-gb91baff (webtiles) character file.

Game seed: 2274874769670867511

7 NeededCrab the Caller (level 2, -1/19 HPs)
             Began as a Barachi Summoner on Oct 19, 2021.
             Slain by a quokka (2 damage)
             ... on level 1 of the Dungeon.
             The game lasted 00:02:33 (423 turns).

NeededCrab the Caller (Barachi Summoner)             Turns: 423, Time: 00:02:34

Health: -1/19      AC:  2    Str:  9    XL:     2   Next: 0%
Magic:  0/5        EV: 12    Int: 15    God:
Gold:   41         SH:  0    Dex: 12    Spells: 4/5 levels left

rFire   . . .      SeeInvis .   (no weapon)
rCold   . . .      Faith    .   (no shield)
rNeg    . . .      Spirit   .   a - +0 robe
rPois   .          Reflect  .   (no helmet)
rElec   .          Harm     .   (no cloak)
rCorr   .          Rampage  .   (no gloves)
Will    .....                   (no boots)
Stlth   ++........              (no amulet)
HPRegen 0.06/turn               (no ring)
MPRegen 0.09/turn               (no ring)

@: unable to hop, slow
A: amphibious, slowness 1, strong legs 1, +LOS
a: Hop


You were on level 1 of the Dungeon.
You visited 1 branch of the dungeon, and saw 1 of its levels.

You collected 41 gold pieces.

Inventory:

Armour
 a - a +0 robe (worn)
Potions
 b - a potion of mutation {unknown}
 c - 2 potions of degeneration {unknown}
 d - a potion of curing {unknown}
 e - a potion of brilliance {unknown}


   Skills:
 + Level 0.5 Long Blades
 + Level 0.5 Armour
 - Level 2.1 Dodging
 - Level 1.7 Stealth
 + Level 2.3 Spellcasting
 * Level 5.0 Summonings


You had 4 spell levels left.
You knew the following spells:

 Your Spells              Type           Power      Damage    Failure   Level
a - Summon Small Mammal   Summ           64%        N/A       2%          1

Your spell library contained the following spells:

 Spells                   Type           Power      Damage    Failure   Level
 Call Imp                 Summ           16%        N/A       4%          2
 Call Canine Familiar     Summ           16%        N/A       9%          3
 Shock                    Conj/Air       4%         1d3       22%         1
 Summon Guardian Golem    Hex/Summ       9%         N/A       22%         3
 Dazzling Flash           Conj/Hex       2%         N/A       54%         3
 Swiftness                Air            1%         N/A       54%         3
 Summon Lightning Spire   Summ/Air       9%         N/A       58%         4
 Airstrike                Air            0%         N/A       91%         4
 Agony                    Necr           1%         N/A       99%         5
 Silence                  Hex/Air        0%         N/A       99%         5


Dungeon Overview and Level Annotations

Branches:
Dungeon (1/15)

Altars:


Innate Abilities, Weirdness & Mutations

You are amphibious.
You cover ground slowly.
You can hop short distances.
You have an extended range of vision and can be seen from far away.


Message History

The quokka barely misses you.
You closely miss the quokka.
The quokka is lightly wounded.
The quokka closely misses you. The quokka bites you.
* * * LOW HITPOINT WARNING * * *
Your rat completely misses the quokka.
Your rat bites the quokka but does no damage.
Hop to where?
Press: ? - help, Dir - move target Boing!
Your rat bites the quokka.
Casting: Summon Small Mammal (safe; 2% risk of failure)
Confirm with . or Enter, or press ? or * to list all spells.
You swap places.
Your rat bites the quokka.
You barely miss the quokka.
The quokka is severely wounded.
The quokka barely misses you.
Your rat barely misses the quokka.
You barely miss the quokka.
The quokka is severely wounded.
The quokka bites you.
* * * LOW HITPOINT WARNING * * *
Your rat splashes around in the water.
The quokka barely misses you.
Your rat splashes around in the water.
You hit the quokka but do no damage.
The quokka is severely wounded.
The quokka bites you.
* * * LOW HITPOINT WARNING * * *
Your rat closely misses the quokka. x2
You hit the quokka but do no damage.
The quokka is severely wounded.
The quokka bites you.
* * * LOW HITPOINT WARNING * * *
Your rat completely misses the quokka.
Your rat barely misses the quokka.
You hit the quokka.
The quokka is almost dead.
The quokka closely misses you.
Your rat splashes around in the water.
Your rat bites the quokka but does no damage.
You miss the quokka.
The quokka is almost dead.
The quokka bites you.
You die...

......#.$..........#
......#............#
#...##............#
#.#####...............†#
#..........≈≈≈≈≈≈≈....######
##....≈.....≈...).....##
#.....≈.....≈..........#
#..≈≈.≈.r≈..≈...........
#..≈..≈@rr..≈...........
#..≈..≈<.≈..≈...........
##..≈..≈≈.≈.≈≈..........#
#...≈.....≈....#.......##
#.#.≈.....≈..#.####.####
...#.≈≈≈≈≈≈≈..#.# ##.#
.....#..........#.# #..#
........###.#.###....#.###.##
........#...............##.#


You could see a quokka (ally target) and 2 friendly rats.

Vanquished Creatures
  A ball python (D:1)
1 creature vanquished.

Vanquished Creatures (collateral kills)
  2 endoplasms (D:1)
  A ball python (D:1)
  2 kobolds (D:1)
  A rat (D:1)
6 creatures vanquished.

Grand Total: 7 creatures vanquished

Notes
Turn   | Place    | Note
-------+----------+-------------------------------------------
     0 | D:1      | NeededCrab the Barachi Summoner began the quest for the
                  | Orb.
     0 | D:1      | Reached XP level 1. HP: 13/13 MP: 3/3
   220 | D:1      | Reached skill level 5 in Summonings
   392 | D:1      | Reached XP level 2. HP: 19/19 MP: 0/5
   423 | D:1      | Slain by a quokka

Illustrated notes

Levels and vault maps discovered:
D:1:      ebering_hopf_link, layout_rooms

Skill      XL: |  1 |
---------------+----+-----
Summonings     | 5 |  5.0
Long Blades    | |  0.5
Armour         | |  0.5
Dodging        | |  2.1
Stealth        | |  1.7
Spellcasting   | |  2.3

Action                   || total
-------------------------++-------
Melee: Unarmed           ||    23
 Cast: Summon Small Mamm ||    16
 Abil: Hop               ||     1
Armor: Robe              ||     4
Dodge: Dodged            ||    17

Table legend: (Time is in decaauts)
 A = Elapsed time spent in this place.
 B = Non-inter-level travel time spent in this place.
 C = Inter-level travel time spent in this place.
 D = Time resting spent in this place.
 E = Time spent auto-exploring this place.
 F = Levels seen in this place.
 G = Mean time per level.
                   A        B        C        D        E       F      G
               +--------+--------+--------+--------+--------+-----+--------+
         Total |    449 |    449 |      0 |      0 |    336 |   1 |  449.0 |
       Dungeon |    449 |    449 |      0 |      0 |    336 |   1 |  449.0 |
               +--------+--------+--------+--------+--------+-----+--------+

Top non-repeatable levels by time:
     D:1: 449 daAuts
